 Dungeon Crawl Stone Soup version 0.28.0-47-ge53b351184 (webtiles) character file.

Game seed: 8689176609613833123

4424 joe1234567 the Covered (level 10, -1/53 HPs)
             Began as a Vine Stalker Fighter on May 7, 2022.
             Succumbed to a killer bee's poison
             ... on level 8 of the Dungeon.
             The game lasted 00:42:17 (7928 turns).

joe1234567 the Covered (Vine Stalker Fighter)       Turns: 7928, Time: 00:42:18

Health: -1/53      AC: 14    Str: 20    XL:     10   Next: 36%
Magic:  2/11       EV: 13    Int: 14    God:
Gold:   403        SH:  0    Dex: 17    Spells: 9/9 levels left

rFire   . . .      SeeInvis .   C - +5 quarterstaff (chaos)
rCold   . . .      Faith    .   (shield currently unavailable)
rNeg    . . .      Spirit   +   l - +0 chain mail
rPois   .          Reflect  .   (no helmet)
rElec   .          Harm     .   B - +0 cloak
rCorr   .          Rampage  .   (no gloves)
Will    +....                   h - +1 pair of boots
Stlth   ..........              (no amulet)
HPRegen 0.97/turn               z - +6 ring of intelligence
MPRegen 0.12/turn               a - +4 ring of evasion

@: lethally poisoned (-1 -> -2)
A: fangs 3, regeneration 1, magic shield, antimagic bite, no potion heal 2
a: no special abilities


You were on level 8 of the Dungeon.
You visited 1 branch of the dungeon, and saw 9 of its levels.

You collected 433 gold pieces.
You spent 30 gold pieces at shops.

Inventory:

Hand Weapons
 C - a +5 quarterstaff of chaos (weapon)
Missiles
 w - 3 throwing nets
 D - 5 silver boomerangs
Armour
 h - a +1 pair of boots (worn)
 l - a +0 chain mail (worn)
 B - a +0 cloak (worn)
Magical Staves
 v - a staff of air
 E - a staff of poison
Jewellery
 a - a +4 ring of evasion (right hand)
 n - a ring of willpower
 s - a ring of fire
 z - a +6 ring of intelligence (left hand)
Wands
 c - a wand of paralysis (1)
 y - a wand of flame (8)
Scrolls
 b - 2 scrolls of summoning (quivered)
 e - a scroll of amnesia {unknown}
 f - 2 scrolls of teleportation
 g - a scroll of enchant armour {unknown}
 i - a scroll of silence {unknown}
 m - a scroll of fog {unknown}
 u - 2 scrolls of fear {unknown}
Potions
 d - 2 potions of might
 j - a potion of magic {unknown}
 k - a potion of flight {unknown}
 o - a potion of degeneration {unknown}
 p - 4 potions of brilliance
 r - 2 potions of curing
 t - 2 potions of lignification {unknown}
 x - 2 potions of heal wounds {unknown}


   Skills:
 + Level 5.8 Fighting
 + Level 3.0 Long Blades
 + Level 4.7 Axes
 + Level 6.3 Staves
 + Level 7.4 Armour
 + Level 2.4 Dodging
 + Level 3.0 Stealth
 + Level 4.2 Shields
 + Level 1.0 Evocations


You had 9 spell levels left.
You didn't know any spells.
Your spell library contained the following spells:

 Spells                   Type           Power      Damage    Failure   Level
 Magic Dart               Conj           0%         1d3       93%         1
 Ensorcelled Hibernation  Hex/Ice        0%         N/A       98%         2
 Passwall                 Tmut/Erth      0%         N/A       98%         2
 Searing Ray              Conj           0%         2d4       98%         2
 Confusing Touch          Hex            0%         N/A       100%        3
 Spider Form              Tmut/Pois      0%         N/A       100%        3
 Stone Arrow              Conj/Erth      0%         3d7       100%        3
 Swiftness                Air            0%         N/A       100%        3
 Anguish                  Hex/Necr       0%         N/A       100%        4
 Animate Armour           Summ/Erth      0%         N/A       100%        4
 Fulminant Prism          Conj/Hex       0%         3d6       100%        4
 Hailstorm                Conj/Ice       0%         3d3       100%        4
 Ice Form                 Ice/Tmut       0%         N/A       100%        4
 Yara's Violent Unravell  Hex/Tmut       0%         3d3       100%        5
 Simulacrum               Ice/Necr       0%         N/A       100%        6
 Enfeeble                 Hex            0%         N/A       100%        7
 Lehudib's Crystal Spear  Conj/Erth      0%         10d2      100%        8


Dungeon Overview and Level Annotations

Branches:
Dungeon (9/15)             Temple (0/1) D:5            Lair (0/6) D:9
    Orc: D:9-12

Altars:
Ru
Uskayaw
Vehumet
Xom
Zin

Shops:
D:3 ?   D:4 (


Innate Abilities, Weirdness & Mutations

You have razor-sharp teeth.
Your natural rate of healing is unusually fast.
When hurt, damage is shared between your health and your magic reserves.
Your bite disrupts and absorbs the magic of your enemies.
Potions cannot restore your health.


Message History

The killer bee stings you but does no damage.
The vampire mosquito misses you.
Your orc warrior barely misses the vampire mosquito.
Your orc barely misses the vampire mosquito.
Your acid dragon spits acid at the death yak.
The splash of acid hits the death yak!!
The death yak seems to be corroded for longer.
The death yak dies!
The vampire mosquito closely misses your orc warrior.
Your orc hits the vampire mosquito with a +0 war axe.
Your orc barely misses the death yak.
Your Staves skill increases to level 6!
Your Stealth skill increases to level 3!
Your Evocations skill increases to level 1!
You climb upwards.
Your summoned ally is left behind.
There is a stone staircase leading down here.
Unknown command.
As you read the scroll of teleportation, it crumbles to dust.
You feel strangely unstable. The killer bee barely misses you.
The vampire mosquito completely misses you.
The killer bee barely misses you. The vampire mosquito bites you.
The vampire mosquito draws strength from your injuries!
The vampire mosquito bites you.
* * * LOW HITPOINT WARNING * * *
The vampire mosquito draws strength from your injuries!
The killer bee misses you.
The vampire mosquito bites you but does no damage.
You closely miss the killer bee. You bite the killer bee! You drain its power.
You feel invigorated.
The killer bee is heavily wounded.
The killer bee stings you.
* * * LOW HITPOINT WARNING * * *
You are poisoned.
The killer bee poisons you! The vampire mosquito bites you!
* * * LOW HITPOINT WARNING * * *
The vampire mosquito draws strength from your injuries!
The killer bee stings you but does no damage.
The vampire mosquito closely misses you.
Your surroundings suddenly seem different.
You die...

###.#.#######... ..#
#..............####.###
#............#........#
#..##.###.#....###....#
#..##.###.#.#......#<..
#†.............###....#
#...#.###.#.#.#####.#.#
#...#.###...........#..
#.....@.#...#.#######..
#...........#.........(
##.....<....#########..
#..###.###.....)).....
#....#.# #.#########.#
#.##.#.# #.# #.#
#.##.#.# #.# #.#
#.##.#.# #.# #.#
#.##.#.# #.# #.#


There were no monsters in sight!

Vanquished Creatures
  Pikel (D:5)
  An unseen horror (D:7)
  A wyvern (D:7)
  A steam dragon (D:8)
  2 water moccasins
  A sky beast (D:8)
  2 ice beasts
  An orc warrior (D:7)
  2 black bears
  2 necrophages
  2 ogres
  2 lemures (D:5)
  A kobold brigand (D:5)
  A phantom (D:6)
  A bullfrog (D:8)
  A wyvern skeleton (D:7)
  A water moccasin skeleton (D:4)
  2 killer bees (D:9)
  4 wights (D:8)
  7 howler monkeys
  5 centaur zombies
  5 hounds
  An orc priest (D:4)
  A bullfrog skeleton (D:6)
  A jelly (D:4)
  An iguana (D:5)
  Crazy Yiuf (D:5)
  3 orc wizards
  2 killer bee zombies
  A hound skeleton (D:5)
  A howler monkey zombie (D:5)
  6 adders
  4 gnolls (D:5)
  A howler monkey skeleton (D:7)
  2 ufetubi
  A worm (D:2)
  A dart slug (D:1)
  20 orcs
  5 ball pythons
  6 endoplasms
  A giant cockroach (D:2)
  6 goblins
  9 hobgoblins
  A jackal (D:3)
  A quokka (D:2)
  3 training dummies (D:4)
  10 bats
  9 frilled lizards
  11 kobolds
  A quokka skeleton (D:2)
  5 rats
  8 bushes (D:5)
169 creatures vanquished.

Vanquished Creatures (collateral kills)
  A death yak (D:9)
  A killer bee (D:9)
  A hell rat (D:9)
  A river rat (D:9)
4 creatures vanquished.

Vanquished Creatures (others)
  21 plants (D:5)
21 creatures vanquished.

Grand Total: 194 creatures vanquished

Notes
Turn   | Place    | Note
-------+----------+-------------------------------------------
     0 | D:1      | joe1234567 the Vine Stalker Fighter began the quest for the
                  | Orb.
     0 | D:1      | Reached XP level 1. HP: 11/11 MP: 2/2
   281 | D:1      | Reached XP level 2. HP: 12/16 MP: 3/3
   940 | D:1      | Reached XP level 3. HP: 19/19 MP: 4/4
  1395 | D:2      | Reached skill level 3 in Armour
  1563 | D:2      | Gained mutation: Your natural rate of healing is unusually
                  | fast. [Vine Stalker growth]
  1563 | D:2      | Reached XP level 4. HP: 13/23 MP: 5/5
  2220 | D:3      | Found a radiant altar of Vehumet.
  2304 | D:3      | Found a faded altar of an unknown god.
  2358 | D:3      | Found Geraodil's Magic Scroll Shoppe.
  2520 | D:3      | Reached XP level 5. HP: 28/28 MP: 6/6
  2784 | D:3      | Bought a scroll of teleportation for 30 gold pieces
  3041 | D:4      | Noticed an ogre
  3102 | D:4      | Killed an ogre
  3103 | D:4      | Reached skill level 1 in Axes
  3103 | D:4      | Reached XP level 6. HP: 32/32 MP: 7/7
  3201 | D:4      | Reached skill level 4 in Armour
  3651 | D:4      | Found Rixkaymm's Firing Range.
  4017 | D:5      | Entered Level 5 of the Dungeon
  4017 | D:5      | Found a staircase to the Ecumenical Temple.
  4135 | D:5      | Reached XP level 7. HP: 26/36 MP: 4/8
  4193 | D:5      | Noticed Pikel
  4203 | D:5      | Killed Pikel
  4204 | D:5      | Gained mutation: You have razor-sharp teeth. [Vine Stalker
                  | growth]
  4204 | D:5      | Reached XP level 8. HP: 39/42 MP: 7/9
  4228 | D:5      | Reached skill level 5 in Armour
  4584 | D:5      | Reached skill level 1 in Dodging
  4968 | D:5      | Found a runed translucent door.
  4969 | D:5      | Noticed Crazy Yiuf
  4976 | D:5      | Killed Crazy Yiuf
  5332 | D:6      | Reached skill level 1 in Staves
  5423 | D:6      | Reached skill level 6 in Armour
  5443 | D:6      | Found a sacrificial altar of Ru.
  5443 | D:6      | Found a glowing silver altar of Zin.
  5490 | D:6      | Reached XP level 9. HP: 46/46 MP: 10/10
  6408 | D:7      | Reached skill level 5 in Fighting
  6565 | D:7      | Found a shimmering altar of Xom.
  6617 | D:7      | Killed an unseen horror
  6618 | D:7      | Reached skill level 1 in Stealth
  7153 | D:8      | Reached skill level 7 in Armour
  7187 | D:8      | Reached skill level 5 in Staves
  7187 | D:8      | Reached XP level 10. HP: 33/51 MP: 11/11
  7642 | D:8      | Found a hide-covered altar of Uskayaw.
  7913 | D:9      | Found a staircase to the Lair.
  7915 | D:9      | Noticed a death yak
  7916 | D:9      | Noticed a death yak
  7917 | D:9      | Noticed a death yak
  7923 | D:9      | Killed a death yak
  7924 | D:9      | Reached skill level 1 in Evocations
  7927 | D:8      | HP: 1/53 [vampire mosquito (4)]
  7928 | D:8      | Succumbed to a killer bee's poison

Illustrated notes

Levels and vault maps discovered:
D:1:      giann_horns, layout_basic, st_stairs_8
D:2:      minmay_chambers_of_ones, layout_rooms
D:3:      layout_rooms, mainiacjoe_overflow_alcove_4, serial_shops, shop,
          shapermc_ecumenical_altar_pompeii, wad_floor_pattern_untrapped,
          minmay_close_crescents
D:4:      layout_basic, nicolae_shop_firing_range
D:5:      layout_loops_ring, minmay_temple_entry_arrows,
          lexackson_kobold_supper, uniq_crazy_yiuf_cottage, uniq_pikel
D:6:      layout_loops_ring, gammafunk_temple_overflow_statue
D:7:      layout_cave_pools, mainiacjoe_overflow_concentric_impassable,
          minmay_crystal_room
D:8:      layout_loops_ring, kennysheep_mini_moat, grunt_ministairs_2
D:9:      layout_long_grid, dpeg_lair_monsters, erik_orc_1,
          lightli_bailey_entry_fortress, uniq_prince_ribbit1, uniq_maurice

Skill      XL: |  1  2  3  4  5  6  7  8  9 10 |
---------------+-------------------------------+-----
Long Blades    | 2 3 |  3.0
Armour         | 3 4 6 7 |  7.4
Shields        | 3 4 |  4.2
Fighting       | 3 4 5 |  5.8
Axes           | 1 3 4 |  4.7
Dodging        | 1 2 |  2.4
Staves         | 1 5 6 |  6.3
Stealth        | 1 3 |  3.0
Evocations     | 1 |  1.0

Action                   |  1- 3 |  4- 6 |  7- 9 | 10-12 || total
-------------------------+-------+-------+-------+-------++-------
Melee: Long sword        |    99 |    14 |       |       ||   113
       Bite              |    22 |    23 |   136 |    12 ||   193
       Hand axe          |       |   106 |   206 |       ||   312
       Staff             |       |     3 |       |       ||     3
       Quarterstaff      |       |       |   145 |    35 ||   180
Evoke: Wand              |       |       |     9 |     2 ||    11
  Use: Scroll            |       |     2 |     3 |     7 ||    12
       Potion            |       |       |       |     1 ||     1
 Stab: Paralysed         |       |       |     3 |       ||     3
       Petrifying        |       |       |       |     1 ||     1
Armor: Scale mail        |    75 |       |       |       ||    75
       Chain mail        |    27 |    71 |   138 |    27 ||   263
Dodge: Dodged            |    74 |    48 |   162 |    55 ||   339
Block: Buckler           |    35 |    21 |     9 |       ||    65
